 Dungeon Crawl Stone Soup version 0.29-a0-330-g52719c12eb (webtiles) character file.

Game seed: 119580280513890011

310 kae the Firebug (level 5, -3/38 HPs)
             Began as a Demigod Fire Elementalist on Apr 18, 2022.
             Slain by a scorpion (7 damage)
             ... on level 4 of the Dungeon.
             The game lasted 00:01:50 (4687 turns).

kae the Firebug (Demigod Fire Elementalist)         Turns: 4687, Time: 00:01:51

Health: -3/38      AC:  2    Str:  9    XL:     5   Next: 95%
Magic:  0/12       EV: 12    Int: 21    God:
Gold:   187        SH:  0    Dex: 14    Spells: 4/10 levels left

rFire   . . .      SeeInvis .   h - +1 quarterstaff (freeze)
rCold   . . .      Faith    .   (shield currently unavailable)
rNeg    . . .      Spirit   .   a - +0 robe
rPois   .          Reflect  .   (no helmet)
rElec   .          Harm     .   (no cloak)
rCorr   .          Rampage  .   (no gloves)
Will    .....                   (no boots)
Stlth   ++........              (no amulet)
HPRegen 0.12/turn               (no ring)
MPRegen 0.13/turn               (no ring)

@: lethally poisoned (-3 -> -13)
A: high MP 1, forlorn, divine attributes
a: no special abilities


You were on level 4 of the Dungeon.
You visited 1 branch of the dungeon, and saw 4 of its levels.

You collected 187 gold pieces.

Inventory:

Hand Weapons
 e - a +0 dagger
 h - a +1 quarterstaff of freezing (weapon)
Armour
 a - a +0 robe (worn)
Scrolls
 f - a scroll of amnesia {unknown}
 m - 3 scrolls of identify
Potions
 b - a potion of magic
 c - a potion of ambrosia {unknown}
 d - a potion of flight {unknown}
 g - a potion of brilliance {unknown}
 i - a potion of curing
 j - 2 potions of degeneration {unknown}
 k - a potion of attraction {unknown}
 l - a potion of heal wounds {unknown}
 n - 2 potions of lignification {unknown}


   Skills:
 - Level 1.7 Dodging
 - Level 1.7 Stealth
 + Level 3.0 Spellcasting
 + Level 2.8 Conjurations
 * Level 4.9 Fire Magic


You had 4 spell levels left.
You knew the following spells:

 Your Spells              Type           Power      Damage    Failure   Level
a - Foxfire               Conj/Fire      76%        2x1d7     2%          1
b - Scorch                Fire           48%        2d7       2%          2
c - Conjure Flame         Conj/Fire      19%        6-21      9%          3

Your spell library contained the following spells:

 Spells                   Type           Power      Damage    Failure   Level
 Inner Flame              Hex/Fire       13%        N/A       14%         3
 Flame Wave               Conj/Fire      19%        2d6       26%         4


Dungeon Overview and Level Annotations

Branches:
Dungeon (4/15)
 Temple: D:4-7

Annotations:
D:3 1 runed translucent door, earlgrey's ghost, amateur DEHu


Innate Abilities, Weirdness & Mutations

You have an increased reservoir of magic. (+10% MP)
You shall have no god before yourself.
Your divine heritage dramatically boosts your attributes as you level up.


Message History

The phantom is almost destroyed.
The foxfire hits the phantom but does no damage.
The phantom is almost destroyed.
The scorpion misses you.
The phantom hits you but does no damage.
Casting: Foxfire (safe; 3% risk of failure)
Confirm with . or Enter, or press ? or * to list all spells.
You conjure some foxfire!
You feel very sick. The scorpion barely misses you.
The phantom closely misses you. The scorpion stings you!
* * * LOW HITPOINT WARNING * * *
You are more poisoned.
The scorpion poisons you!
* * * LOW HITPOINT WARNING * * *
You feel very sick.
The foxfire hits the phantom.
You destroy the phantom!
The foxfire hits the scorpion.
The scorpion is moderately wounded.
The scorpion barely misses you.
Your Spellcasting skill increases to level 3!
You feel better. The scorpion misses you.
Casting: Foxfire (safe; 2% risk of failure)
Confirm with . or Enter, or press ? or * to list all spells.
Flames lash the scorpion.
The scorpion is almost dead.
The scorpion's fire resistance burns away.
The scorpion stings you but does no damage.
The scorpion stings you.
* * * LOW HITPOINT WARNING * * *
You are lethally poisoned!
The scorpion poisons you!
Casting: Scorch (safe; 2% risk of failure)
Confirm with . or Enter, or press ? or * to list all spells.
Flames lash the scorpion but do no damage.
* * * LOW HITPOINT WARNING * * *
You feel very sick. The scorpion barely misses you. The scorpion stings you!
You die...

#.########
#.# #.#
#####.#
#.....#
#.##### ..
#.#
#.########.#
##.....@s...#
........#####
...####.# #
#........
#########


You could see a scorpion (combustible).

Vanquished Creatures
  A phantom (D:4)
  A bullfrog (D:4)
  An orc priest (D:3)
  A gnoll (D:1)
  5 adders
  2 worms
  A dart slug (D:3)
  6 orcs (D:3)
  3 endoplasms
  2 giant cockroaches
  9 goblins
  6 hobgoblins
  11 jackals
  8 ball pythons
  7 bats
  3 frilled lizards
  5 kobolds
  8 rats
80 creatures vanquished.

Vanquished Creatures (others)
  228 foxfires
228 creatures vanquished.

Grand Total: 308 creatures vanquished

Notes
Turn   | Place    | Note
-------+----------+-------------------------------------------
     0 | D:1      | kae the Demigod Fire Elementalist began the quest for the
                  | Orb.
     0 | D:1      | Reached XP level 1. HP: 14/14 MP: 5/5
   241 | D:1      | Reached skill level 1 in Conjurations
   415 | D:1      | Reached skill level 3 in Fire Magic
   570 | D:1      | Reached XP level 2. HP: 16/20 MP: 5/7
  1020 | D:1      | Reached XP level 3. HP: 15/26 MP: 4/8
  1023 | D:1      | Learned a level 2 spell: Scorch
  1027 | D:1      | Learned a level 3 spell: Conjure Flame
  3386 | D:3      | Found a runed translucent door.
  3386 | D:3      | Noticed earlgrey's ghost (amateur DEHu)
  3412 | D:3      | Reached skill level 4 in Fire Magic
  3412 | D:3      | Reached XP level 4. HP: 3/33 MP: 2/10
  4375 | D:4      | Reached XP level 5. HP: 35/38 MP: 1/11
  4687 | D:4      | Slain by a scorpion

Illustrated notes

Levels and vault maps discovered:
D:1:      dpeg_cavernosity, layout_basic
D:2:      layout_basic, hellmonk_ecumenical_altar_lost_god, minivault_14,
          minmay_misc_feat_diagonals
D:3:      layout_loops_cross, gammafunk_ghost_grave, hex_medium
D:4:      layout_loops_ring, mainiacjoe_overflow_six_doors_small,
          supply_closet_lemuel, uniq_natasha

Skill      XL: |  1  2  3  4  5 |
---------------+----------------+-----
Conjurations   | 1 2 |  2.8
Fire Magic     | 3 4 |  4.9
Spellcasting   | 2 3 |  3.0
Dodging        | |  1.7
Stealth        | |  1.7

Action                   |  1- 3 |  4- 6 || total
-------------------------+-------+-------++-------
Melee: Quarterstaff      |    31 |     1 ||    32
 Cast: Foxfire           |    96 |    42 ||   138
       Scorch            |     9 |     8 ||    17
  Use: Scroll            |     6 |     1 ||     7
       Potion            |     2 |     1 ||     3
Armor: Robe              |     9 |     2 ||    11
Dodge: Dodged            |    36 |    18 ||    54

Table legend: (Time is in decaauts)
 A = Elapsed time spent in this place.
 B = Non-inter-level travel time spent in this place.
 C = Inter-level travel time spent in this place.
 D = Time resting spent in this place.
 E = Time spent auto-exploring this place.
 F = Levels seen in this place.
 G = Mean time per level.
                   A        B        C        D        E       F      G
               +--------+--------+--------+--------+--------+-----+--------+
         Total |   4707 |   4575 |    132 |    390 |   3632 |   4 | 1176.8 |
       Dungeon |   4707 |   4575 |    132 |    390 |   3632 |   4 | 1176.8 |
               +--------+--------+--------+--------+--------+-----+--------+

Top non-repeatable levels by time:
     D:1: 1824 daAuts
     D:3: 1399 daAuts
     D:2: 1146 daAuts
     D:4: 337 daAuts
